 Dungeon Crawl Stone Soup version 0.28-a0-1629-gf728b707aa (webtiles) character file.

Game seed: 2032821417925230582

1 fragbeetle the Chiller (level 1, -1/13 HPs)
             Began as a Merfolk Ice Elementalist on Jan 25, 2022.
             Slain by a jackal (2 damage)
             ... on level 1 of the Dungeon.
             The game lasted 00:00:17 (70 turns).

fragbeetle the Chiller (Merfolk Ice Elementalist)     Turns: 70, Time: 00:00:17

Health: -1/13      AC:  2    Str:  8    XL:     1   Next: 20%
Magic:  0/3        EV: 12    Int: 14    God:
Gold:   0          SH:  0    Dex: 14    Spells: 3/4 levels left

rFire   . . .      SeeInvis .   (no weapon)
rCold   . . .      Faith    .   (no shield)
rNeg    . . .      Spirit   .   a - +0 robe
rPois   .          Reflect  .   (no helmet)
rElec   .          Harm     .   (no cloak)
rCorr   .          Rampage  .   (no gloves)
Will    .....                   (no boots)
Stlth   ++........              (no amulet)
HPRegen 0.04/turn               (no ring)
MPRegen 0.08/turn               (no ring)

@: very slightly contaminated
A: (nimble swimmer 2), mertail
a: no special abilities


You were on level 1 of the Dungeon.
You visited 1 branch of the dungeon, and saw 1 of its levels.

Inventory:

Armour
 a - a +0 robe (worn)


   Skills:
 + Level 0.0 Fighting
 + Level 2.7 Dodging
 + Level 2.2 Stealth
 - Level 2.0 Spellcasting
 * Level 4.4 Ice Magic


You had 3 spell levels left.
You knew the following spells:

 Your Spells              Type           Power      Damage    Failure   Level
a - Freeze                Ice            52%        1d7       3%          1

Your spell library contained the following spells:

 Spells                   Type           Power      Damage    Failure   Level
 Frozen Ramparts          Ice            26%        1d4       12%         3
 Ozocubu's Armour         Ice            13%        N/A       12%         3
 Hailstorm                Conj/Ice       7%         3d4       67%         4


Dungeon Overview and Level Annotations

Branches:
Dungeon (1/15)

Altars:


Innate Abilities, Weirdness & Mutations

((You are very nimble when in or above water. (Stealth+, EV+, Speed+++)))
Your lower body shifts to a powerful aquatic tail in water.


Message History

The jackal barely misses you.
You barely miss the jackal.
The jackal is moderately wounded.
The jackal barely misses you.
You hit the jackal.
The jackal is severely wounded.
The jackal bites you.
You barely miss the jackal.
The jackal is severely wounded.
The jackal barely misses you. x2
You barely miss the jackal.
The jackal is severely wounded.
The jackal closely misses you.
Your magical contamination has completely faded away.
You closely miss the jackal.
The jackal is severely wounded.
The jackal bites you. x2
You barely miss the jackal.
The jackal is severely wounded.
The jackal bites you.
You hit the jackal but do no damage.
The jackal is severely wounded.
The jackal barely misses you.
You are too injured to fight recklessly!
The jackal bites you.
You are too injured to fight recklessly!
Casting: Freeze (safe; 3% risk of failure)
Confirm with . or Enter, or press ? or * to list all spells.
Aiming: Freeze (safe; 3% risk of failure)
Press: ? - help, Shift-Dir - straight line, f/p - jackal
Aim: a jackal (heavily wounded)
You miscast Freeze.
You are very lightly contaminated with residual magic.
Nothing appears to happen.
The jackal bites you but does no damage.
The jackal bites you.
* * * LOW HITPOINT WARNING * * *
The jackal closely misses you. The jackal bites you.
You die...

S. ##. #.. #.# .. # #.# #.#
#.###.# ##.##
#..†..######## ####8.8##
#####.#8.)#..####.......###
##....h@..............#.
##..#8..#................
##.#.#####................
#.##.# ##...........#...
##.### ##........####..
##.## ###....### ### ##.#
##..## ### ####


You could see a jackal.

Vanquished Creatures
  A jackal (D:1)
1 creature vanquished.

Notes
Turn   | Place    | Note
-------+----------+-------------------------------------------
     0 | D:1      | fragbeetle the Merfolk Ice Elementalist began the quest for
                  | the Orb.
     0 | D:1      | Reached XP level 1. HP: 13/13 MP: 3/3
    70 | D:1      | Slain by a jackal

Illustrated notes

Levels and vault maps discovered:
D:1:      eino_arrival_cavern_e, layout_loops_corners,
          shapermc_ecumenical_altar_mp_vishouse

Action                   || total
-------------------------++-------
Melee: Unarmed           ||     8
 Cast: Freeze            ||     2
Armor: Robe              ||     2
Dodge: Dodged            ||    10

Table legend: (Time is in decaauts)
 A = Elapsed time spent in this place.
 B = Non-inter-level travel time spent in this place.
 C = Inter-level travel time spent in this place.
 D = Time resting spent in this place.
 E = Time spent auto-exploring this place.
 F = Levels seen in this place.
 G = Mean time per level.
                   A        B        C        D        E       F      G
               +--------+--------+--------+--------+--------+-----+--------+
         Total |     70 |     70 |      0 |      0 |     47 |   1 |   70.0 |
       Dungeon |     70 |     70 |      0 |      0 |     47 |   1 |   70.0 |
               +--------+--------+--------+--------+--------+-----+--------+

Top non-repeatable levels by time:
     D:1: 70 daAuts
